 Dungeon Crawl Stone Soup version 0.20.1-1-g8b1a95d (webtiles) character file.

308 dohliylev the Covert (level 6, 0/44 HPs)
             Began as a Vampire Assassin on Dec 6, 2017.
             Slain by an iguana (9 damage)
             ... on level 4 of the Dungeon.
             The game lasted 00:12:35 (2933 turns).

dohliylev the Covert (Vampire Assassin)             Turns: 2933, Time: 00:12:35

Health: 0/44       AC:  4    Str: 10    XL:     6   Next: 16%
Magic:  6/6        EV: 12    Int: 14    God:
Gold:   135        SH:  4    Dex: 17    Spells: 5/5 levels left

rFire    + . .     SeeInvis +   b - +0 blowgun
rCold    . . .     Gourm    .   j - +0 buckler
rNeg     . . .     Faith    .   c - +0 robe
rPois    .         Spirit   .   v - +0 helmet
rElec    .         Reflect  .   d - +0 cloak
rCorr    .         Harm     .   (no gloves)
MR       +....                  (no boots)
Stlth    +++++.....             (no amulet)
Regen    0.4/turn               u - ring of protection from magic (curse)
MPRegen  0.1/turn               A - ring of protection from fire

@: regenerating quickly
A: fangs 3, see invisible, unbreathing
a: no special abilities


You were on level 4 of the Dungeon.
You were very full.

You visited 1 branch of the dungeon, and saw 4 of its levels.

You collected 135 gold pieces.

Inventory:

Hand Weapons
 a - a +2 dagger
 b - a +0 blowgun (weapon)
Missiles
 e - 20 poisoned needles (quivered)
 f - 2 curare-tipped needles
Armour
 c - a +0 robe (worn)
 d - a +0 cloak (worn)
 j - a +0 buckler (worn)
 v - a +0 helmet (worn)
Magical Staves
 B - an uncursed staff of conjuration
Jewellery
 u - a cursed ring of protection from magic (left hand)
 x - an uncursed ring of fire
 A - a ring of protection from fire (right hand)
Wands
 w - a wand of flame (19/48)
Scrolls
 i - 2 scrolls of recharging {unknown}
 m - 4 scrolls of amnesia {unknown}
 o - 8 scrolls of identify {unknown}
 q - a scroll of enchant armour {unknown}
 r - a scroll of immolation {unknown}
 s - 2 scrolls of teleportation {unknown}
 y - 4 scrolls of remove curse {unknown}
 z - a scroll of blinking {unknown}
Potions
 g - 21 potions of blood
 h - a potion of flight {unknown}
 k - 2 potions of haste {unknown}
 l - a potion of might {unknown}
 n - 2 potions of heal wounds {unknown}
 p - a potion of degeneration {unknown}
 t - 4 potions of lignification {unknown}


   Skills:
 - Level 1.7 Fighting
 - Level 2.1 Short Blades
 - Level 1.5 Throwing
 + Level 2.5 Dodging
 - Level 10.3 Stealth
 + Level 1.4 Shields


You had 5 spell levels left.
You didn't know any spells.

Dungeon Overview and Level Annotations

Branches:
Dungeon (4/15)
 Temple: D:4-7

Altars:
Ru


Innate Abilities, Weirdness & Mutations

Your natural rate of healing is unusually fast.
You have razor-sharp teeth.
You have supernaturally acute eyesight. (SInv)
You can survive without breathing.


Message History

* * * LOW HITPOINT WARNING * * *
You hit the iguana but do no damage.
The iguana is severely wounded.
The iguana closely misses you.
Wield which item (- for none, * to show all)? (? for menu, Esc to quit)
b - a +0 blowgun (weapon)
Firing (i - inventory. (,) - cycle):
e - 22 poisoned needles (quivered)
Press: ? - help, Shift-Dir - straight line, f - iguana
Aim: an iguana (severely wounded)
You shoot a poisoned needle.
The poisoned needle barely misses the iguana.
The iguana barely misses you.
Firing (i - inventory. (,) - cycle):
e - 21 poisoned needles (quivered)
Press: ? - help, Shift-Dir - straight line, f/p - iguana
Aim: an iguana (severely wounded)
You shoot a poisoned needle. The poisoned needle hits the iguana.
The iguana is poisoned.
The iguana is severely wounded.
The iguana bites you!
You die...

#.....## ##.##..#
#..##.###
##.##...##
#)####..########
#..#
##........####
##.# ###..........
#.# #........†##
#@## #>........#
#l.# #.........#
##(# #.........#
#.# #.........#
#.##############
#####.............
#.....#...#...#...
#.###......†......
#.#...#...#...


You could see an iguana.

Vanquished Creatures
  An orc priest (D:4)
  Jessica (D:3)
  Ijyb (D:3)
  A worker ant (D:4)
  Terence (D:2)
  A hound skeleton (D:4)
  Robin (D:3)
  6 adders
  2 worms
  2 dart slugs
  3 leopard geckos
  An orc (D:3)
  7 bats
  5 giant cockroaches
  8 goblins
  11 hobgoblins
  11 jackals
  11 kobolds
  3 ball pythons
  10 frilled lizards
  7 rats
94 creatures vanquished.

Notes
Turn   | Place    | Note
-------+----------+-------------------------------------------
     0 | D:1      | dohliylev the Vampire Assassin began the quest for the Orb.
     0 | D:1      | Reached XP level 1. HP: 16/16 MP: 1/1
    64 | D:1      | Reached skill level 6 in Stealth
   487 | D:1      | Reached XP level 2. HP: 22/22 MP: 2/2
   544 | D:1      | Reached skill level 7 in Stealth
   691 | D:2      | Noticed Terence
   695 | D:2      | Reached XP level 3. HP: 27/27 MP: 3/3
   776 | D:2      | Killed Terence
   776 | D:2      | Reached skill level 8 in Stealth
   946 | D:2      | Reached XP level 4. HP: 33/33 MP: 4/4
  1544 | D:3      | Reached skill level 9 in Stealth
  1716 | D:3      | Noticed Robin
  1772 | D:3      | Killed Robin
  1772 | D:3      | Reached XP level 5. HP: 14/38 MP: 5/5
  1971 | D:3      | Found a sacrificial altar of Ru.
  1975 | D:3      | Noticed Ijyb
  2002 | D:3      | Killed Ijyb
  2002 | D:3      | Reached skill level 10 in Stealth
  2298 | D:3      | Noticed Jessica
  2305 | D:3      | Killed Jessica
  2732 | D:4      | Reached skill level 1 in Shields
  2744 | D:4      | Reached XP level 6. HP: 44/44 MP: 6/6
  2933 | D:4      | Slain by an iguana

Skill      XL: |  1  2  3  4  5 |
---------------+----------------+-----
Stealth        | 6 7 8 9 10 | 10.3
Shields        | 1 |  1.4
Dodging        | 2 |  2.5
Fighting       | |  1.7
Short Blades   | |  2.1
Throwing       | |  1.5

Action                   |  1- 3 |  4- 6 || total
-------------------------+-------+-------++-------
Melee: Dagger            |    62 |   244 ||   306
       Bite              |     3 |    14 ||    17
 Fire: Blowgun           |    20 |    14 ||    34
 Stab: Sleeping          |    11 |    13 ||    24
       Distracted        |     1 |       ||     1
       Paralysed         |       |     1 ||     1
  Eat: Corpse            |     9 |     8 ||    17
Armor: Robe              |    16 |    46 ||    62
Dodge: Dodged            |    38 |   125 ||   163
Block: Buckler           |     9 |    34 ||    43
